 Dungeon Crawl Stone Soup version 0.28.0-43-g3370ac3207 (webtiles) character file.

Game seed: 12603220932357105654

2129 zeram the Cleaver (level 9, -8/78 HPs)
             Began as a Hill Orc Fighter on Mar 1, 2022.
             Was an Initiate of Yredelemnul.
             Mangled by a wyvern (13 damage)
             ... on level 7 of the Dungeon.
             The game lasted 00:07:03 (6352 turns).

zeram the Cleaver (Hill Orc Fighter)                Turns: 6352, Time: 00:07:04

Health: -8/78      AC: 18    Str: 23    XL:     9   Next: 30%
Magic:  9/9        EV: 10    Int:  8    God:    Yredelemnul [......]
Gold:   199        SH:  6    Dex: 10    Spells: 8/8 levels left

rFire   . . .      SeeInvis .   a - +1 war axe (drain)
rCold   . . .      Faith    .   c - +1 buckler
rNeg    . . .      Spirit   .   b - +0 scale mail
rPois   .          Reflect  .   o - +2 helmet
rElec   .          Harm     .   r - +1 cloak
rCorr   .          Rampage  .   m - +0 pair of gloves
Will    .....                   l - +2 pair of boots
Stlth   ..........              (no amulet)
HPRegen 0.23/turn               (no ring)
MPRegen 0.11/turn               (no ring)

@: about to teleport
A: no striking features
a: Renounce Religion, Recall Undead Harvest


You were on level 7 of the Dungeon.
You worshipped Yredelemnul.
Yredelemnul was noncommittal.
You visited 2 branches of the dungeon, and saw 9 of its levels.

You collected 356 gold pieces.
You spent 157 gold pieces at shops.

Inventory:

Hand Weapons
 a - a +1 war axe of draining (weapon)
 f - a +0 war axe of freezing
Armour
 b - a +0 scale mail (worn)
 c - a +1 buckler (worn)
 g - a +0 helmet
 l - a +2 pair of boots (worn)
 m - a +0 pair of gloves (worn)
 o - a +2 helmet (worn)
 r - a +1 cloak (worn)
Wands
 k - a wand of flame (21)
 p - a wand of acid (11)
 v - a wand of iceblast (10)
Scrolls
 d - 2 scrolls of teleportation
 j - a scroll of identify
 t - a scroll of magic mapping
Potions
 e - a potion of curing
 h - 2 potions of mutation
 n - a potion of flight
 q - a potion of lignification
 s - a potion of attraction {unknown}
 u - a potion of heal wounds {unknown}


   Skills:
 + Level 6.6 Fighting
 + Level 11.1 Axes
 + Level 6.9 Armour
 + Level 2.1 Dodging
 + Level 5.1 Shields


You had 8 spell levels left.
You didn't know any spells.
Your spell library contained the following spells:

 Spells                   Type           Power      Damage    Failure   Level
 Sandblast                Erth           0%         2d4       78%         1
 Passwall                 Tmut/Erth      0%         N/A       89%         2
 Stone Arrow              Conj/Erth      0%         3d7       98%         3
 Animate Armour           Summ/Erth      0%         N/A       100%        4
 Lehudib's Crystal Spear  Conj/Erth      0%         10d2      100%        8


Dungeon Overview and Level Annotations

Branches:
Dungeon (8/15)             Temple (1/1) D:7
   Lair: D:8-11

Altars:
Ashenzari
Cheibriados
Dithmenos
Elyvilon
Fedhas
Gozag
Hepliaklqana
Kikubaaqudgha
Makhleb
Nemelex Xobeh
Okawaru
Qazlal
Ru
Sif Muna
Trog
Uskayaw
Vehumet
Wu Jian
Xom
Yredelemnul
Zin
The Shining One

Shops:
D:6 *


Message History

You are too injured to fight recklessly!
You are too injured to fight recklessly!
You are too injured to fight recklessly!
You are too injured to fight recklessly!
You are too injured to fight recklessly!
You are too injured to fight recklessly!
Unknown command.
You feel very sick.
You feel very sick.
The killer bee stings you but does no damage.
You feel very sick. The killer bee barely misses you.
The killer bee stings you but does no damage.
You feel sick. The killer bee closely misses you. x2
You feel sick. The killer bee misses you. x2
The killer bee stings you but does no damage.
You feel sick.
The killer bee stings you but does no damage.
You feel sick. The killer bee closely misses you. x2
You feel sick. The killer bee barely misses you.
The killer bee closely misses you.
There is a stone staircase leading up here.
You feel sick.
The killer bee stings you but does no damage.
You block the killer bee's attack. The killer bee closely misses you.
The wyvern bites you but does no damage.
You block the killer bee's attack.
You climb upwards.
You feel sick.
There is a stone staircase leading down here.
As you read the scroll of teleportation, it crumbles to dust.
You feel strangely unstable.
You feel sick.
You are no longer poisoned.
The killer bee stings you but does no damage.
The killer bee misses you. The wyvern bites you!
* * * LOW HITPOINT WARNING * * *
You block the killer bee's attack. The killer bee stings you.
* * * LOW HITPOINT WARNING * * *
The wyvern bites you!
You die...
Your body rises from the dead as a mindless zombie.

#....(....###.##.# ######.....#
.................# #.#<..#
..........####.#.#########.######
...........Z...#.................
..#######......#...........######
..# #..................# [.#
#.....#............# ..#
#######..l.........# ###
#)@y.........# ###y.........#
############


You could see a wyvern and 2 killer bees.

Vanquished Creatures
  Grinder (D:3)
  Prince Ribbit (D:7)
  A water moccasin (D:7)
  A sky beast (D:6)
  A necrophage (D:6)
  An ogre (D:4)
  3 bullfrogs
  2 scorpions
  A water moccasin zombie (D:7)
  A wyvern skeleton (D:5)
  A water moccasin skeleton (D:4)
  3 killer bees (D:8)
  A howler monkey (D:5)
  A bullfrog zombie (D:6)
  A centaur zombie (D:7)
  2 jellies
  An orc priest (D:4)
  A bullfrog skeleton (D:5)
  2 hounds
  2 centaur skeletons
  4 iguanas (D:6)
  2 orc wizards (D:4)
  2 killer bee zombies
  4 adders
  9 gnolls
  A shadow imp (D:6)
  A white imp (D:5)
  An ufetubus (D:4)
  An adder zombie (D:5)
  2 worms
  3 dart slugs
  10 orcs
  3 endoplasms
  2 giant cockroaches
  A goblin (D:4)
  A hobgoblin (D:1)
  3 jackals (D:5)
  5 quokkas
  3 ball pythons
  2 frilled lizards (D:3)
  4 kobolds
  2 rats
94 creatures vanquished.

Vanquished Creatures (collateral kills)
  A howler monkey (D:7)
  A gnoll (D:7)
2 creatures vanquished.

Grand Total: 96 creatures vanquished

Notes
Turn   | Place    | Note
-------+----------+-------------------------------------------
     0 | D:1      | zeram the Hill Orc Fighter began the quest for the Orb.
     0 | D:1      | Reached XP level 1. HP: 19/19 MP: 1/1
    72 | D:1      | Reached XP level 2. HP: 26/27 MP: 2/2
   125 | D:1      | Found a faded altar of an unknown god.
   806 | D:1      | Reached skill level 3 in Axes
  1034 | D:2      | Reached XP level 3. HP: 33/33 MP: 3/3
  1050 | D:2      | You fall into a shaft and drop 1 floor!
  1095 | D:3      | Noticed Grinder
  1098 | D:3      | Paralysed by Grinder for 5 turns
  1108 | D:3      | Paralysed by Grinder for 2 turns
  1114 | D:3      | Killed Grinder
  1115 | D:3      | Reached skill level 5 in Axes
  1115 | D:3      | Reached XP level 4. HP: 9/41 MP: 4/4
  1115 | D:3      | Reached XP level 5. HP: 10/47 MP: 5/5
  1399 | D:3      | Reached XP level 6. HP: 50/53 MP: 6/6
  1507 | D:3      | Found a sacrificial altar of Ru.
  2184 | D:4      | Reached skill level 6 in Axes
  2924 | D:4      | Reached skill level 1 in Dodging
  2924 | D:4      | Reached XP level 7. HP: 60/60 MP: 7/7
  3042 | D:4      | Reached skill level 5 in Armour
  3074 | D:4      | Reached skill level 7 in Axes
  3105 | D:4      | Found an ornate altar of the Wu Jian Council.
  3480 | D:5      | Entered Level 5 of the Dungeon
  3993 | D:5      | Reached skill level 5 in Fighting
  4059 | D:5      | Found a hide-covered altar of Uskayaw.
  4066 | D:5      | Found a hazy altar of Hepliaklqana.
  4069 | D:5      | Found an ancient bone altar of Kikubaaqudgha.
  4069 | D:5      | Found a glowing golden altar of the Shining One.
  4076 | D:5      | Found a white marble altar of Elyvilon.
  4186 | D:5      | Reached skill level 8 in Axes
  4670 | D:6      | Reached XP level 8. HP: 68/68 MP: 8/8
  4816 | D:6      | Reached skill level 9 in Axes
  5166 | D:6      | Found a broken altar of Ashenzari.
  5203 | D:6      | Found Ufut's Assorted Antiques.
  5212 | D:6      | Bought an embroidered cloak for 157 gold pieces
  5367 | D:7      | Reached skill level 10 in Axes
  5611 | D:7      | Found a staircase to the Ecumenical Temple.
  5699 | D:7      | Reached XP level 9. HP: 69/75 MP: 9/9
  5733 | Temple   | Entered the Ecumenical Temple
  5890 | Temple   | Became a worshipper of Yredelemnul the Dark
  5937 | D:7      | Reached skill level 5 in Shields
  5961 | D:7      | Noticed Prince Ribbit
  5966 | D:7      | Killed Prince Ribbit
  5966 | D:7      | Reached * piety under Yredelemnul
  6087 | D:7      | Reached ** piety under Yredelemnul
  6089 | D:7      | Reached skill level 11 in Axes
  6352 | D:7      | Mangled by a wyvern

Illustrated notes

Levels and vault maps discovered:
D:1:      mrwooster_arrival_statue, layout_basic,
          hellmonk_ecumenical_altar_pennies_from_heaven, serial_park_tiny_1,
          nicolae_wormholes
D:2:      layout_rooms, basic_altar, kennysheep_generic_room_12, uniq_jessica,
          uniq_sigmund
D:3:      layout_basic, general_overflow_altar, uniq_grinder
D:4:      layout_basic, mainiacjoe_overflow_alcove_2, serial_co_window_serial,
          co_window_of_opportunity_a, co_window_of_opportunity_a,
          co_window_paths_a, co_window_cross_1, co_window_paths_b,
          co_window_corner_a, co_window_of_opportunity_b, co_window_2corner,
          co_window_broadway_a, glass_columns_a, glass_columns_c,
          glass_columns_c
D:5:      wad_lake_hut, layout_loops_corners,
          nicolae_overflow_hallway_of_the_gods, minivault_1
D:6:      layout_cave_pools, cheibrodos_ashenzari_chains, serial_shops, shop
D:7:      layout_basic, minmay_temple_entry_crystal_x, uniq_prince_ribbit1
D:8:      layout_basic, ebering_ghost_rock_garden, uniq_grum
Temple:   eino_narrow_crystal_temple

Skill      XL: |  1  2  3  4  5  6  7  8  9 |
---------------+----------------------------+-----
Axes           | 3 5 6 8 10 11 | 11.1
Fighting       | 4 5 6 |  6.6
Armour         | 4 5 6 |  6.9
Shields        | 4 5 |  5.1
Dodging        | 1 2 |  2.1

Action                   |  1- 3 |  4- 6 |  7- 9 || total
-------------------------+-------+-------+-------++-------
Melee: War axe           |    52 |    47 |   221 ||   320
  Use: Scroll            |     5 |     5 |     6 ||    16
       Potion            |     1 |       |     1 ||     2
Armor: Scale mail        |    16 |    14 |   129 ||   159
Dodge: Dodged            |    17 |    19 |   100 ||   136
Block: Buckler           |    11 |    10 |    65 ||    86
